 Dungeon Crawl Stone Soup version 0.28-a0-793-g31680bbd8b (webtiles) character file.

Game seed: 13423944945921993844

22 kae the Caller (level 2, 0/14 HPs)
             Began as a Vine Stalker Summoner on Nov 4, 2021.
             Slain by a phantom (6 damage)
             ... on level 2 of the Dungeon.
             The game lasted 00:00:39 (1384 turns).

kae the Caller (Vine Stalker Summoner)              Turns: 1384, Time: 00:00:40

Health: 0/14       AC:  2    Str: 10    XL:     2   Next: 91%
Magic:  0/6        EV: 12    Int: 15    God:
Gold:   20         SH:  0    Dex: 14    Spells: 5/6 levels left

rFire   . . .      SeeInvis .   (no weapon)
rCold   . . .      Faith    .   (no shield)
rNeg    . . .      Spirit   +   a - +0 robe
rPois   .          Reflect  .   (no helmet)
rElec   .          Harm     .   (no cloak)
rCorr   .          Rampage  .   (no gloves)
Will    .....                   (no boots)
Stlth   ++........              (no amulet)
HPRegen 0.04/turn               (no ring)
MPRegen 0.10/turn               (no ring)

@: hasted, very quick
A: fangs 2, magic shield, antimagic bite, no potion heal 2
a: no special abilities


You were on level 2 of the Dungeon.
You visited 1 branch of the dungeon, and saw 2 of its levels.

You collected 20 gold pieces.

Inventory:

Armour
 a - a +0 robe (worn)
 b - a +0 cloak


   Skills:
 + Level 0.8 Fighting
 - Level 1.5 Dodging
 - Level 2.4 Stealth
 + Level 2.5 Spellcasting
 * Level 4.4 Summonings


You had 5 spell levels left.
You knew the following spells:

 Your Spells              Type           Power      Damage    Failure   Level
a - Summon Small Mammal   Summ           60%        N/A       3%          1

Your spell library contained the following spells:

 Spells                   Type           Power      Damage    Failure   Level
 Call Imp                 Summ           15%        N/A       4%          2
 Call Canine Familiar     Summ           15%        N/A       10%         3
 Summon Guardian Golem    Hex/Summ       8%         N/A       26%         3
 Summon Lightning Spire   Summ/Air       8%         N/A       63%         4


Dungeon Overview and Level Annotations

Branches:
Dungeon (2/15)

Altars:


Innate Abilities, Weirdness & Mutations

You have extremely sharp teeth.
When hurt, damage is shared between your health and your magic reserves.
Your bite disrupts and absorbs the magic of your enemies.
Potions cannot restore your health.


Message History

You drain its power.
You feel invigorated.
The endoplasm is severely wounded.
The endoplasm freezes you.
You are frozen.
An endoplasm is nearby!
You are too injured to fight recklessly!
You are too injured to fight recklessly!
An endoplasm is nearby!
You are too injured to fight recklessly!
You are too injured to fight recklessly!
You are too injured to fight recklessly!
You are too injured to fight recklessly!
You hit the endoplasm.
You kill the endoplasm!
A phantom comes into view.
Found 11 gold pieces.
Casting: Summon Small Mammal (safe; 3% risk of failure)
Confirm with . or Enter, or press ? or * to list all spells.
The phantom hits you but does no damage.
Your rat closely misses the phantom.
Casting: Summon Small Mammal (safe; 3% risk of failure)
Confirm with . or Enter, or press ? or * to list all spells.
The phantom misses you.
Your rat misses the phantom. The phantom hits you.
The phantom blinks!
You blink.
Your rat bites the phantom.
You swap places.
Your rat closely misses the phantom.
Your rat closely misses the phantom.
You see here a +0 cloak.
b - a +0 cloak The phantom closely misses you.
Your rat bites the phantom but does no damage.
Your rat bites the phantom.
You see here 11 gold pieces.
You aren't carrying any scrolls.
You now have 20 gold pieces (gained 11).
The phantom barely misses you.
It was a potion of haste.
You feel yourself speed up.
Your rat closely misses the phantom. x2; The phantom hits you!
You die...

##### #...#
###...###
#.......#########
#
#......rW@.......
##
#......r########.
.## ###...### #.#
#...# .## ##.##
## #.# # #.#
######## ######
##.###......#
.....#
##...#.......#


You could see a phantom (ally target) and 2 friendly rats.

Vanquished Creatures
  A dart slug (D:1)
  3 ball pythons (D:1)
  An endoplasm (D:2)
  A giant cockroach (D:1)
  A hobgoblin (D:1)
  A quokka (D:2)
  3 rats (D:1)
11 creatures vanquished.

Vanquished Creatures (collateral kills)
  A goblin (D:1)
  A hobgoblin (D:1)
  2 quokkas (D:1)
  A frilled lizard (D:1)
  A kobold (D:1)
  A rat (D:1)
7 creatures vanquished.

Grand Total: 18 creatures vanquished

Notes
Turn   | Place    | Note
-------+----------+-------------------------------------------
     0 | D:1      | kae the Vine Stalker Summoner began the quest for the Orb.
     0 | D:1      | Reached XP level 1. HP: 9/9 MP: 4/4
   215 | D:1      | Reached XP level 2. HP: 14/14 MP: 4/6
  1371 | D:2      | Noticed a phantom
  1384 | D:2      | Slain by a phantom

Illustrated notes

Levels and vault maps discovered:
D:1:      lightli_arrival_quake, layout_basic
D:2:      layout_loops_corners, minmay_curled_crystal

Action                   || total
-------------------------++-------
Melee: Unarmed           ||    57
       Bite              ||    13
 Cast: Summon Small Mamm ||    19
  Use: Scroll            ||     2
       Potion            ||     1
Armor: Robe              ||    10
Dodge: Dodged            ||    45

Table legend: (Time is in decaauts)
 A = Elapsed time spent in this place.
 B = Non-inter-level travel time spent in this place.
 C = Inter-level travel time spent in this place.
 D = Time resting spent in this place.
 E = Time spent auto-exploring this place.
 F = Levels seen in this place.
 G = Mean time per level.
                   A        B        C        D        E       F      G
               +--------+--------+--------+--------+--------+-----+--------+
         Total |   1383 |   1371 |     12 |    215 |    982 |   2 |  691.5 |
       Dungeon |   1383 |   1371 |     12 |    215 |    982 |   2 |  691.5 |
               +--------+--------+--------+--------+--------+-----+--------+

Top non-repeatable levels by time:
     D:1: 1085 daAuts
     D:2: 298 daAuts
